 Dungeon Crawl Stone Soup version 0.26-a0-812-g31a745ddcd (webtiles) character file.

Game seed: 1537325218158727689

132 Arthanis the Skirmisher (level 5, -3/49 HPs)
             Began as a Gargoyle Berserker on Nov 14, 2020.
             Was a Believer of Trog.
             Slain by an ogre
             ... wielding a +0 giant club
              (16 damage)
             ... on level 4 of the Dungeon.
             The game lasted 00:02:07 (3242 turns).

Arthanis the Skirmisher (Gargoyle Berserker)        Turns: 3242, Time: 00:02:08

Health: -3/49      AC: 10    Str: 21    XL:     5   Next: 15%
Magic:  5/5        EV: 10    Int:  8    God:    Trog [**....]
Gold:   163        SH:  0    Dex:  9    Spells: 4/4 levels left

rFire    . . .     SeeInvis .   a - +0 hand axe
rCold    . . .     Faith    .   (no shield)
rNeg     + . .     Spirit   .   n - +0 scale mail
rPois    ∞         Reflect  .   (no helmet)
rElec    +         Harm     .   (no cloak)
rCorr    .         Rampage  .   (no gloves)
MR       .....                  (no boots)
Stlth    ..........             q - amulet of regeneration
HPRegen  0.56/turn              (no ring)
MPRegen  0.09/turn              (no ring)

@: berserking, very quick
A: negative energy resistance 1, electricity resistance, unbreathing,
petrification resistance, rot immunity, AC +4
a: Berserk, Trog's Hand, Renounce Religion


You were on level 4 of the Dungeon.
You worshipped Trog.
Trog was pleased with you.
You visited 1 branch of the dungeon, and saw 4 of its levels.

You collected 163 gold pieces.

Inventory:

Hand Weapons
 a - a +0 hand axe (weapon)
Armour
 b - a +0 animal skin
 n - a +0 scale mail (worn)
Jewellery
 q - an amulet of regeneration (around neck)
Wands
 o - a wand of random effects (11)
Scrolls
 e - a scroll of blinking {unknown}
 f - 6 scrolls of remove curse {unknown}
 h - 4 scrolls of identify {unknown}
 i - 2 scrolls of teleportation {unknown}
 j - 2 scrolls of immolation {unknown}
 l - a scroll of enchant armour {unknown}
 m - 2 scrolls of enchant weapon {unknown}
Potions
 c - 2 potions of flight {unknown}
 d - a potion of curing {unknown}
 g - a potion of haste {unknown}
 k - a potion of might {unknown}
 p - a potion of heal wounds {unknown}


   Skills:
 + Level 4.0 Fighting
 * Level 3.8 Axes
 + Level 3.1 Armour
 + Level 2.3 Dodging


You had 4 spell levels left.
You didn't know any spells.
Your spell library was empty.

Dungeon Overview and Level Annotations

Branches:
Dungeon (4/15)
 Temple: D:4-7

Altars:
Wu Jian


Innate Abilities, Weirdness & Mutations

You are resistant to torment.
Your stone body is resilient. (AC +4)
You are immune to poison.
You resist negative energy. (rN+)
You are resistant to electric shocks. (rElec)
You can survive without breathing.
You are immune to petrification.
You are immune to rotting.


Message History

You hit the ogre.
The ogre is lightly wounded.
A red film seems to cover your vision as you go berserk!
You feel yourself moving faster!
You feel mighty! The ogre hits you with a +0 giant club!
You closely miss the ogre.
The ogre is lightly wounded.
The ogre hits you with a +0 giant club!!
* * * LOW HITPOINT WARNING * * *
You are too injured to fight recklessly!
You are too injured to fight recklessly!
You are too injured to fight recklessly!
You slash the ogre!
The ogre is heavily wounded.
An orc comes into view.
The orc shouts!
You slash the ogre!
The ogre is almost dead.
You hit the adder. The ogre hits you with a +0 giant club!
You die...

....>.....
..o.. ..#
o.......#
... 8.#
......#
#.#..#


#SOo# #@# #<# ### You could see an ogre, an orc wizard, an adder and 2 orcs.

Vanquished Creatures
  Ijyb (D:3)
  2 adders
  2 oozes
  3 worms (D:2)
  3 dart slugs
  2 leopard geckos
  3 giant cockroaches
  14 hobgoblins
  9 kobolds
  3 quokkas (D:2)
  4 bats
  7 frilled lizards
  4 goblins
  7 rats
64 creatures vanquished.

Notes
Turn   | Place    | Note
-------+----------+-------------------------------------------
     0 | D:1      | Arthanis the Gargoyle Berserker began the quest for the
                  | Orb.
     0 | D:1      | Reached XP level 1. HP: 14/14 MP: 1/1
   211 | D:1      | Reached XP level 2. HP: 19/19 MP: 2/2
   565 | D:1      | Reached XP level 3. HP: 23/23 MP: 3/3
  1362 | D:2      | Reached ** piety under Trog
  1591 | D:2      | Found an ornate altar of the Wu Jian Council.
  1665 | D:2      | Reached XP level 4. HP: 25/29 MP: 4/4
  2720 | D:3      | Noticed Ijyb
  2724 | D:3      | Killed Ijyb
  2724 | D:3      | Reached skill level 4 in Fighting
  2724 | D:3      | Reached XP level 5. HP: 33/33 MP: 5/5
  3236 | D:4      | Noticed an ogre
  3242 | D:4      | Slain by an ogre

Illustrated notes

Levels and vault maps discovered:
D:1:      sevenhm_arrival_forest_fort_large_4, layout_basic
D:2:      layout_basic, marbit_many_paths, dk_vineyard_2
D:3:      layout_loops_ring, uniq_ijyb
D:4:      layout_basic, amethyst_overflow_temple_binary, serial_shops, shop,
          st_stairs_1

Skill      XL: |  1  2  3  4 |
---------------+-------------+-----
Axes           | 3 |  3.8
Dodging        | 2 |  2.3
Armour         | 3 |  3.1
Fighting       | 4 |  4.0

Action                   |  1- 3 |  4- 6 || total
-------------------------+-------+-------++-------
Melee: Hand axe          |   136 |    78 ||   214
Invok: Berserk           |       |     3 ||     3
Armor: Animal skin       |    46 |    20 ||    66
       Scale mail        |       |     1 ||     1
Dodge: Dodged            |    90 |    50 ||   140

Table legend: (Time is in decaauts)
 A = Elapsed time spent in this place.
 B = Non-inter-level travel time spent in this place.
 C = Inter-level travel time spent in this place.
 D = Time resting spent in this place.
 E = Time spent auto-exploring this place.
 F = Levels seen in this place.
 G = Mean time per level.
                   A        B        C        D        E       F      G
               +--------+--------+--------+--------+--------+-----+--------+
         Total |   3293 |   3167 |    126 |      0 |   2723 |   4 |  823.2 |
       Dungeon |   3293 |   3167 |    126 |      0 |   2723 |   4 |  823.2 |
               +--------+--------+--------+--------+--------+-----+--------+

Top non-repeatable levels by time:
     D:2: 1237 daAuts
     D:1: 1222 daAuts
     D:3: 826 daAuts
     D:4: 6 daAuts
